Map: Ruins of Seras

Players

Alucard - Winner!

  • Race: Zerg Zerg
  • League: Diamond

Fedak

  • Race: Zerg Zerg
  • League: Diamond

VOD

Have the link to the VOD?

Description

Time

  • Played on: Dec. 23, 2015, 8:57 p.m.
  • Length: 6:24
Show
View Real Time Build Order
Export as new Build Order

Alucard Zerg - Winner!

Build Orders: Pool First, Zergling Baneling 

Get SALT Encoding   

  12  0:01  Drone  
  13  0:09  Drone  
  14  0:18  Overlord  
  14  0:36  Spawning Pool  
  14  0:40  Drone  
  14  0:43  Extractor  
  14  0:48  Drone  
  14  0:52  Drone  
  15  0:57  Drone  
  15  1:03  Drone  
  17  1:13  Drone  
  18  1:37  Hatchery  
  17  1:45  Queen  
  19  1:53  Metabolic Boost  
  19  2:07  Overlord  
  19  2:10  Drone  
  19  2:15  Baneling Nest  
  19  2:18  Zergling x2  
  20  2:30  Queen  
  20  2:34  Zergling x2  
  23  2:50  Zergling x4  
  25  2:53  Zergling x2  
  25  2:57  Zergling x4  
  28  2:59  Drone  
  28  3:02  Drone  
  30  3:09  Overlord  
  30  3:16  Zergling x4  
  32  3:20  Zergling x2  
  33  3:27  Zergling x2  
  33  3:29  Zergling x2  
  35  3:36  Baneling x5  
  35  3:37  Baneling  
  35  3:44  Zergling x4  
  35  3:47  Zergling x2  
  36  3:53  Zergling x2  
  36  3:54  Zergling x2  
  38  4:00  Zergling x2  
  37  4:08  Zergling x4  
  33  4:13  Baneling x4  
  33  4:15  Zergling x2  
  34  4:24  Zergling x2  
  33  4:43  Zergling x4  
  34  4:47  Baneling  
  34  4:49  Zergling x4  
  34  4:57  Zergling x2  
  34  4:59  Zergling x8  
  39  5:01  Baneling x2  
  38  5:12  Zergling x2  
  33  5:25  Zergling x2  
  33  5:26  Zergling x2  
  33  5:27  Zergling x4  
  37  5:32  Baneling x6  
  37  5:33  Baneling x2  
  37  5:34  Zergling x2  
  37  5:35  Zergling x4  
  40  5:38  Zergling x2  
  39  5:57  Zergling x4  
  39  6:00  Zergling x4  
Show
View Real Time Build Order
Export as new Build Order

Fedak Zerg 

Build Orders: Hatch First 

Get SALT Encoding   

  12  0:01  Drone  
  13  0:09  Drone  
  14  0:18  Overlord  
  14  0:27  Drone, Extractor  
  15  0:37  Drone x2  
  17  0:54  Hatchery  
  16  1:00  Extractor  
  16  1:02  Drone  
  16  1:14  Spawning Pool  
  15  1:21  Drone  
  15  1:22  Drone  
  17  1:27  Drone  
  18  1:33  Drone  
  19  1:49  Overlord  
  19  1:57  Drone  
  20  2:01  Queen  
  20  2:06  Queen  
  24  2:08  Metabolic Boost  
  24  2:14  Zergling x2  
  25  2:16  Zergling x2  
  26  2:27  Baneling Nest  
  26  2:29  Drone  
  26  2:31  Drone  
  26  2:35  Zergling x2  
  27  2:57  Drone x3  
  27  2:58  Drone x2  
  32  3:01  Overlord  
  32  3:18  Lair  
  32  3:19  Drone x4  
  36  3:21  Drone  
  36  3:25  Baneling x2  
  37  3:27  Zergling x2  
  37  3:30  Drone  
  39  3:38  Spine Crawler  
  37  3:44  Zergling x6  
  37  3:47  Baneling x2  
  38  3:57  Roach Warren  
  35  4:28  Zergling x16  
  37  4:50  Roach x5  
  42  4:56  Baneling  
  42  4:57  Baneling x2  
  34  5:04  Roach  
  32  5:14  Roach  
  32  5:16  Extractor  
  32  5:30  Drone x6  
  32  5:31  Queen  
  32  5:32  Queen  
  42  5:58  Roach  
  42  5:59  Overlord x2  
Tags
 
Add a new tag
Caveats
  • Supply blocks, unpowered buildings, or Contaminate may cause inaccurate times.
  • Supply counts are checked every 10 seconds.